 Dungeon Crawl Stone Soup version 0.21.1-1-g345015f (webtiles) character file.

479 Monsterracer the Firebug (level 6, -4/32 HPs)
             Began as a Deep Elf Fire Elementalist on June 7, 2018.
             Killed from afar by Alter's ghost (15 damage)
             ... with a spray of energy
             ... on level 5 of the Dungeon.
             The game lasted 00:04:14 (4329 turns).

Monsterracer the Firebug (DEFE)                     Turns: 4329, Time: 00:04:14

Health: -4/32      AC:  3    Str:  5    XL:     6   Next: 86%
Magic:  2/15       EV: 13    Int: 22    God:
Gold:   175        SH:  0    Dex: 15    Spells: 2/15 levels left

rFire    + . .     SeeInvis .   f - +0 dagger
rCold    x . .     Gourm    .   (no shield)
rNeg     . . .     Faith    .   a - +0 robe
rPois    .         Spirit   .   (no helmet)
rElec    .         Reflect  .   (no cloak)
rCorr    .         Harm     .   k - +0 pair of gloves
MR       .....                  (no boots)
Stlth    ++........             (no amulet)
HPRegen  0.10/turn              b - ring of fire
MPRegen  0.14/turn              r - ring of flight

@: no status effects
A: no striking features
a: Evoke Flight


You were on level 5 of the Dungeon.
You were not hungry.

You visited 1 branch of the dungeon, and saw 5 of its levels.

You collected 175 gold pieces.

Inventory:

Hand Weapons
 f - a +0 dagger (weapon)
Armour
 a - a +0 robe (worn)
 k - a +0 pair of gloves (worn)
Jewellery
 b - a ring of fire (left hand)
 r - a ring of flight (right hand)
Scrolls
 d - 2 scrolls of remove curse {unknown}
 e - 2 scrolls of noise {unknown}
 g - 2 scrolls of teleportation {unknown}
 j - 2 scrolls of fog {unknown}
 m - a scroll of immolation {unknown}
 n - 2 scrolls of identify {unknown}
 t - a scroll of random uselessness {unknown}
Potions
 h - 2 potions of degeneration {unknown}
 i - a potion of invisibility {unknown}
 l - 3 potions of magic {unknown}
 o - a potion of flight {unknown}
 p - a potion of lignification {unknown}
 q - a potion of curing {unknown}
Comestibles
 c - 10 rations


   Skills:
 - Level 2.4 Dodging
 - Level 2.4 Stealth
 + Level 5.1 Spellcasting
 * Level 5.0 Conjurations
 * Level 5.9 Fire Magic


You had 2 spell levels left.
You knew the following spells:

 Your Spells              Type           Power        Failure   Level  Hunger
a - Flame Tongue          Conj/Fire      #####        1%          1    None
b - Conjure Flame         Conj/Fire      #####...     3%          3    ##.....
c - Sticky Flame          Conj/Fire      #####...     11%         4    ####...
d - Fireball              Conj/Fire      #####.....   28%         5    #####..


Dungeon Overview and Level Annotations

Branches:
Dungeon (5/15)
 Temple: D:4-7

Altars:
The Shining One

Annotations:
D:5 Alter's ghost, novice DECj


Message History

Aiming: Flame Tongue
Press: ? - help, Shift-Dir - straight line, f/p - Alter's ghost
Aim: Alter's ghost, wielding a vorpal weapon You feel a surge of power!
The flame tongue misses Alter's ghost.
A ball python comes into view.
You now have 13/15 mp.
Casting: Flame Tongue
Confirm with . or Enter, or press ? or * to list all spells.
Aiming: Flame Tongue
Press: ? - help, Shift-Dir - straight line, f/p - Alter's ghost
Aim: Alter's ghost, wielding a vorpal weapon You feel a surge of power!
The flame tongue misses Alter's ghost.
The ball python hisses angrily.
You now have 12/15 mp.
Health restored: 32
Casting: Flame Tongue
Confirm with . or Enter, or press ? or * to list all spells.
Aiming: Conjure Flame
Press: ? - help, Dir - move target cursor, p - Alter's ghost You feel a surge of power!
The fire ignites!
A leopard gecko comes into view.
You now have 10/15 mp.
Casting: Conjure Flame
Confirm with . or Enter, or press ? or * to list all spells.
Aiming: Flame Tongue
Press: ? - help, Shift-Dir - straight line, f - Alter's ghost
Aim: Alter's ghost, wielding a vorpal weapon You feel a surge of power!
The flame tongue hits Alter's ghost.
Alter's ghost resists.
Alter's ghost is lightly damaged.
The leopard gecko hisses angrily.
Alter's ghost is engulfed in blazing flames.
Alter's ghost gestures at you while chanting.
The magic dart hits you!
A hornet zombie comes into view.
You take 5 damage, and have 27/32 hp.
You now have 9/15 mp.
Casting: Flame Tongue
Confirm with . or Enter, or press ? or * to list all spells.
Aiming: Flame Tongue
Press: ? - help, Shift-Dir - straight line, f/p - Alter's ghost
Aim: Alter's ghost, wielding a vorpal weapon (flame, lightly damaged)
You feel a surge of power!
The flame tongue hits Alter's ghost.
Alter's ghost resists.
Alter's ghost is lightly damaged.
Alter's ghost is engulfed in blazing flames.
Alter's ghost hits you but does no damage.
You now have 8/15 mp.
Casting: Flame Tongue
Confirm with . or Enter, or press ? or * to list all spells.
Aiming: Flame Tongue
Press: ? - help, Shift-Dir - straight line, f/p - Alter's ghost
Aim: Alter's ghost, wielding a vorpal weapon (flame, lightly damaged)
You feel a surge of power!
The flame tongue hits Alter's ghost.
Alter's ghost resists.
Alter's ghost is moderately damaged.
Alter's ghost is engulfed in blazing flames.
Alter's ghost barely misses you.
You now have 7/15 mp.
Casting: Flame Tongue
Confirm with . or Enter, or press ? or * to list all spells.
Aiming: Sticky Flame
Press: ? - help, Shift-Dir - straight line, f/p - Alter's ghost
Aim: Alter's ghost, wielding a vorpal weapon (flame, moderately damaged)
You feel a surge of power!
The sticky flame hits Alter's ghost.
Alter's ghost resists.
Alter's ghost is moderately damaged.
Alter's ghost is engulfed in blazing flames.
Alter's ghost hits you.
You take 4 damage, and have 23/32 hp.
You now have 3/15 mp.
You miss Alter's ghost.
Alter's ghost is heavily damaged.
Alter's ghost is engulfed in blazing flames.
Alter's ghost hits you.
You take 6 damage, and have 17/32 hp.
Casting: Sticky Flame
Confirm with . or Enter, or press ? or * to list all spells.
Aiming: Flame Tongue
Press: ? - help, Shift-Dir - straight line, f/p - Alter's ghost
Aim: Alter's ghost, wielding a vorpal weapon (flame, heavily damaged)
You feel a surge of power!
The flame tongue misses Alter's ghost.
The flame tongue misses the ball python.
Alter's ghost is engulfed in blazing flames.
Alter's ghost points at you and mumbles some strange words.
The lance of force hits you!
* * * LOW HITPOINT WARNING * * *
You are knocked back by the lance of force.
You take 6 damage, and have 11/32 hp.
You now have 2/15 mp.
Casting: Flame Tongue
Confirm with . or Enter, or press ? or * to list all spells.
Aiming: Flame Tongue
Press: ? - help, Shift-Dir - straight line, f/p - Alter's ghost
Aim: Alter's ghost, wielding a vorpal weapon (flame, severely damaged)
You feel a surge of power!
The flame tongue hits Alter's ghost.
Alter's ghost appears unharmed.
Alter's ghost is severely damaged.
Alter's ghost is engulfed in blazing flames.
The hornet zombie is engulfed in blazing flames.
Alter's ghost gestures at you while chanting.
The spray of energy hits you!
You die...

######################
#.........##.........#
#........l##..@.......
#........SZW..........
#...%.....##..........
#.........##..........
###..#######.........#
#..# ..........# $..#
.##......### #.. .#
..####.# .. ## .## ..


You could see Alter's ghost, a hornet zombie and a ball python.

Vanquished Creatures
  The ghost of w0lly the Cudgeler, an amateur DsBe of Trog (D:3)
  2 scorpions
  A centaur skeleton (D:4)
  An iguana (D:5)
  Jessica (D:2)
  Natasha (thrice) (D:2)
  7 adders
  2 worms
  A dart slug (D:4)
  2 leopard geckos
  5 orcs
  9 bats
  3 giant cockroaches
  5 goblins
  8 hobgoblins
  2 quokkas (D:3)
  A ball python (D:2)
  3 frilled lizards
  13 kobolds
  8 rats
78 creatures vanquished.

Notes
Turn   | Place    | Note
-------+----------+-------------------------------------------
     0 | D:1      | Monsterracer the Deep Elf Fire Elementalist began the quest for the Orb.
     0 | D:1      | Reached XP level 1. HP: 10/10 MP: 6/6
    20 | D:1      | HP: 4/10 [hobgoblin/club (2)]
   389 | D:1      | Reached XP level 2. HP: 15/15 MP: 6/8
  1120 | D:2      | HP: 7/15 [hobgoblin (5)]
  1382 | D:2      | Reached XP level 3. HP: 19/19 MP: 6/9
  1387 | D:2      | Learned a level 3 spell: Conjure Flame
  1700 | D:2      | Noticed a scorpion
  1704 | D:2      | Killed a scorpion
  1704 | D:2      | Reached XP level 4. HP: 15/24 MP: 6/11
  1706 | D:2      | HP: 12/24 [poisoned by a scorpion]
  1711 | D:2      | HP: 9/24 [poisoned by a scorpion]
  1716 | D:2      | HP: 8/24 [poisoned by a scorpion]
  1723 | D:2      | HP: 6/24 [poisoned by a scorpion]
  1731 | D:2      | HP: 5/24 [poisoned by a scorpion]
  1780 | D:2      | Learned a level 4 spell: Sticky Flame
  2258 | D:2      | Noticed Natasha
  2261 | D:2      | Killed Natasha
  2267 | D:2      | Noticed Natasha
  2270 | D:2      | HP: 11/24 [Natasha/magic dart (4)]
  2271 | D:2      | Killed Natasha
  2271 | D:2      | Reached XP level 5. HP: 13/28 MP: 6/13
  2351 | D:2      | Noticed Natasha
  2354 | D:2      | Killed Natasha
  2563 | D:2      | Noticed Jessica
  2568 | D:2      | Killed Jessica
  2568 | D:2      | Reached skill level 5 in Fire Magic
  2736 | D:2      | Found a glowing golden altar of the Shining One.
  2955 | D:3      | Noticed w0lly's ghost (amateur DsBe)
  3032 | D:2      | Learned a level 5 spell: Fireball
  3072 | D:3      | Killed w0lly's ghost
  3072 | D:3      | Reached XP level 6. HP: 32/32 MP: 2/15
  3483 | D:3      | Found a faded altar of an unknown god.
  3793 | D:3      | Found a glowing golden altar of the Shining One.
  3931 | D:4      | Reached skill level 5 in Spellcasting
  3979 | D:4      | Reached skill level 5 in Conjurations
  4053 | D:5      | Entered Level 5 of the Dungeon
  4064 | D:5      | HP: 14/32 [iguana (11)]
  4065 | D:5      | HP: 6/32 [iguana (8)]
  4314 | D:5      | Noticed Alter's ghost (novice DECj)
  4327 | D:5      | HP: 11/32 [Alter's ghost/lance of force (6)]
  4329 | D:5      | Killed from afar by Alter's ghost

Skill      XL: |  1  2  3  4  5  6 |
---------------+-------------------+-----
Conjurations   | 2 3 4 5 |  5.0
Fire Magic     | 4 5 |  5.9
Spellcasting   | 4 5 |  5.1
Dodging        | |  2.4
Stealth        | |  2.4

Action                   |  1- 3 |  4- 6 || total
-------------------------+-------+-------++-------
Melee: Unarmed           |     1 |       ||     1
       Dagger            |     4 |     2 ||     6
 Cast: Flame Tongue      |    58 |   101 ||   159
       Conjure Flame     |       |     2 ||     2
       Sticky Flame      |       |     2 ||     2
  Eat: Chunk             |     2 |     6 ||     8
       Ration            |       |     1 ||     1
Armor: Robe              |     6 |     5 ||    11
Dodge: Dodged            |    25 |    24 ||    49

Vault maps used:
D:1:      minmay_arrival_shoal_huts
D:2:      minmay_door_path, marbit_many_paths, uniq_jessica, uniq_natasha
D:3:      chequers_ecumenical_altar_simple, tso_altar
D:4:      minmay_temple_entry_from_below_a
D:5:      fedhas_altar_1, minitemple, first_ration, nicolae_ru_path_of_blood
